 Dungeon Crawl Stone Soup version 0.22-a0-565-gfc6459a (webtiles) character file.

186 inc the Conjurer (level 5, -5/31 HPs)
             Began as an Octopode Fire Elementalist on June 28, 2018.
             Slain by a centaur (8 damage)
             ... on level 4 of the Dungeon.
             The game lasted 00:08:24 (3044 turns).

inc the Conjurer (Octopode Fire Elementalist)       Turns: 3044, Time: 00:08:25

Health: -5/31      AC:  3    Str:  7    XL:     5   Next: 65%
Magic:  4/8        EV: 13    Int: 18    God:
Gold:   84         SH:  0    Dex: 13    Spells: 7/8 levels left

rFire    . . .     SeeInvis .   a - +0 dagger (curse)
rCold    . . .     Gourm    .   (no shield)
rNeg     . . .     Faith    .   (helmet restricted)
rPois    .         Spirit   .   (no amulet)
rElec    .         Reflect  .   g - ring of teleportation (curse)
rCorr    .         Harm     .   k - +2 ring of protection
MR       .....     Rnd*Tele +   (no ring)
Stlth    +++.......             (no ring)
HPRegen  0.10/turn              (no ring)
MPRegen  0.11/turn              (no ring)
                                (no ring)
                                (no ring)

@: no status effects
A: almost no armour, stealthy swim, amphibious, 8 rings, constrict 8, camouflage
1, gelatinous body 1
a: no special abilities


You were on level 4 of the Dungeon.
You were not hungry.

You visited 1 branch of the dungeon, and saw 4 of its levels.

You collected 84 gold pieces.

Inventory:

Hand Weapons
 a - a cursed +0 dagger (weapon)
Jewellery
 g - a cursed ring of teleportation (left tentacle)
 j - an uncursed amulet of guardian spirit
 k - a +2 ring of protection (right tentacle)
 o - an uncursed ring of ice
Wands
 l - a wand of flame (30)
Scrolls
 f - 2 scrolls of enchant weapon
 m - a scroll of teleportation {unknown}
 n - a scroll of identify
Potions
 c - a potion of mutation {unknown}
 d - a potion of heal wounds
 e - 2 potions of curing {unknown}
 h - a potion of degeneration {unknown}
Comestibles
 b - 5 rations


   Skills:
 - Level 2.0 Dodging
 - Level 2.6 Stealth
 - Level 2.0 Spellcasting
 + Level 5.3 Conjurations
 - Level 3.0 Fire Magic


You had 7 spell levels left.
You knew the following spells:

 Your Spells              Type           Power        Failure   Level  Hunger
a - Flame Tongue          Conj/Fire      ###..        3%          1    #......

Your spell library contained the following spells:

 Spells                   Type           Power        Failure   Level  Hunger
 Fireball                 Conj/Fire      ###.......   65%         5    ######.
 Conjure Flame            Conj/Fire      ###.....     10%         3    ###....
 Throw Flame              Conj/Fire      ###...       4%          2    ###....
 Sticky Flame             Conj/Fire      ###.....     32%         4    #####..
 Inner Flame              Hex/Fire       #.......     28%         3    ###....


Dungeon Overview and Level Annotations

Branches:
Dungeon (4/15)
 Temple: D:4-7

Altars:


Innate Abilities, Weirdness & Mutations

You cannot wear most types of armour.
You are very stealthy in the water. (Stealth+)
You are amphibious.
You can wear up to eight rings at the same time.
You can use your tentacles to constrict eight enemies at once.
Your skin changes colour to match your surroundings (Stealth+).
Your rubbery body absorbs attacks. (AC +1, EV +1)


Message History

The centaur hits you. x2
* * * LOW HITPOINT WARNING * * *
Casting: Flame Tongue (safe; 3% risk of failure)
Confirm with . or Enter, or press ? or * to list all spells.
Aiming: Flame Tongue (safe; 3% risk of failure)
Press: ? - help, Shift-Dir - straight line, f/p - centaur
Aim: a centaur (heavily wounded)
The flame tongue hits the centaur.
The centaur is severely wounded.
The centaur hits you.
* * * LOW HITPOINT WARNING * * *
Casting: Flame Tongue (safe; 3% risk of failure)
Confirm with . or Enter, or press ? or * to list all spells.
Aiming: Flame Tongue (safe; 3% risk of failure)
Press: ? - help, Shift-Dir - straight line, f/p - centaur
Aim: a centaur (severely wounded)
The flame tongue hits the centaur.
The centaur is severely wounded.
The centaur closely misses you. The centaur hits you!
You die...

#..........########.#
####...##..#........#
##..##..#.########
#......#.# .......#!#
###..####.# #..# #.#
#..# #.# #. #@# #c#
#.# #.# #.# #.# #.#
#.#


You could see a centaur.

Vanquished Creatures
  A worker ant (D:4)
  5 adders
  2 oozes
  2 dart slugs
  A leopard gecko (D:1)
  10 orcs
  2 ball pythons (D:3)
  6 giant cockroaches
  12 goblins
  9 hobgoblins
  9 jackals
  2 quokkas
  7 bats
  5 frilled lizards
  3 kobolds
  13 rats
89 creatures vanquished.

Notes
Turn   | Place    | Note
-------+----------+-------------------------------------------
     0 | D:1      | inc the Octopode Fire Elementalist began the quest for the Orb.
     0 | D:1      | Reached XP level 1. HP: 11/11 MP: 3/3
   283 | D:1      | Reached skill level 2 in Conjurations
   283 | D:1      | Reached XP level 2. HP: 13/17 MP: 0/5
   735 | D:1      | Reached XP level 3. HP: 8/21 MP: 6/6
   743 | D:1      | Reached skill level 3 in Conjurations
  1402 | D:2      | Reached XP level 4. HP: 23/27 MP: 4/7
  1490 | D:2      | Reached skill level 4 in Conjurations
  2093 | D:3      | Reached XP level 5. HP: 29/31 MP: 2/8
  2339 | D:3      | Reached skill level 5 in Conjurations
  3033 | D:4      | Noticed a centaur
  3044 | D:4      | Slain by a centaur

Vault maps used:
D:1:      dpeg_arrival_fog, skrybe_limestone_x
D:3:      first_ration, small_statue_intersection
D:4:      demons_altar

Skill      XL: |  1  2  3  4  5 |
---------------+----------------+-----
Conjurations   | 2 3 4 5 |  5.3
Dodging        | |  2.0
Stealth        | |  2.6
Spellcasting   | |  2.0
Fire Magic     | |  3.0

Action                   |  1- 3 |  4- 6 || total
-------------------------+-------+-------++-------
Melee: Constrict         |    17 |    22 ||    39
       Unarmed           |     3 |       ||     3
       Dagger            |    62 |    82 ||   144
       Tentacles         |    10 |    15 ||    25
 Cast: Flame Tongue      |    28 |    49 ||    77
  Use: Scroll            |     1 |     3 ||     4
 Stab: Sleeping          |     4 |    12 ||    16
  Eat: Chunk             |     2 |     6 ||     8
Armor: Skin              |    10 |     9 ||    19
Dodge: Dodged            |    58 |    67 ||   125

Table legend:
 A = Spawn XP
 B = Non-spawn XP
 C = Spawn XP percentage of total XP
 D = Spawn monster count
 E = Non-spawn monster count
 F = Spawn count percentage of total count
 G = Total turns spent on level
                    A         B        C        D         E        F      G
               +---------+---------+-------+---------+---------+-------+---------
         Total |       0 |     266 |   0.0 |       0 |      89 |   0.0 |  3044
               +---------+---------+-------+---------+---------+-------+---------
           D:1 |       0 |      47 |   0.0 |       0 |      29 |   0.0 |  1242
           D:2 |       0 |      71 |   0.0 |       0 |      19 |   0.0 |   468
           D:3 |       0 |     100 |   0.0 |       0 |      36 |   0.0 |  1022
           D:4 |       0 |      48 |   0.0 |       0 |       5 |   0.0 |   312
               +---------+---------+-------+---------+---------+-------+---------
